 Dungeon Crawl Stone Soup version 0.19.0-20-gbc5f0c6 (webtiles) character file.

4183 JeffiDaFish the Carver (level 10, 0/61 HPs)
             Began as a Gargoyle Fighter on Nov 18, 2016.
             Was an Elder of Makhleb.
             Slain by a wight
             ... wielding a cursed +4 short sword
              (1 damage)
             ... on level 9 of the Dungeon.
             The game lasted 00:22:58 (8679 turns).

JeffiDaFish the Carver (Gargoyle Fighter)           Turns: 8679, Time: 00:22:59

Health: 0/61       AC: 24    Str: 28 (29) XL:     10   Next: 29%
Magic:  10/10      EV:  8    Int:  7 (9)  God:    Makhleb [****..]
Gold:   564        SH: 12    Dex:  8 (10) Spells: 0 memorised, 9 levels left

rFire  . . .     SeeInvis .     a - +0 long sword
rCold  . . .     Gourm    .     e - +0 chain mail
rNeg   + . .     Faith    .     c - +0 shield
rPois  ∞         Spirit   .     j - +0 helmet
rElec  +         Reflect  .     i - +2 cloak
rCorr  .         Harm     .     u - +0 pair of gloves
MR     +....                    s - +0 pair of boots {run}
Stlth  ..........               (no amulet)
                                (no ring)
                                m - ring of protection from magic

@: mighty, quick
A: big wings, negative energy resistance 1, electricity resistance, strong 1,
unbreathing, petrification resistance, rot immunity, AC +7
a: Fly, Minor Destruction, Lesser Servant of Makhleb, Major Destruction,
Renounce Religion


You were on level 9 of the Dungeon.
You worshipped Makhleb.
Makhleb was greatly pleased with you.
You were hungry.

You visited 2 branches of the dungeon, and saw 10 of its levels.
You also visited: Sewer and Ossuary.

You collected 564 gold pieces.

Inventory:

Hand Weapons
 a - a +0 long sword (weapon)
Armour
 c - a +0 shield (worn)
 e - a +0 chain mail (worn)
 i - a +2 cloak (worn)
 j - a +0 helmet (worn)
 s - a +0 pair of boots of running (worn)
 u - a +0 pair of gloves (worn)
Jewellery
 m - a ring of protection from magic (left hand)
Wands
 k - a wand of paralysis (4/24)
Scrolls
 d - 11 scrolls of identify
 g - 5 scrolls of remove curse
 n - 3 scrolls of recharging
 o - 2 scrolls of amnesia
 w - 2 scrolls of fog
 x - 4 scrolls of teleportation
Potions
 l - 2 potions of agility
 q - 2 potions of heal wounds
 v - 2 potions of curing
 A - 3 potions of magic
 B - 2 potions of brilliance
 C - a potion of flight
 D - a potion of degeneration
 E - a potion of ambrosia
Books
 p - a book of Maledictions

   Spells                             Type                      Level
   a - Corona                         Hexes                        1
   b - Ensorcelled Hibernation        Hexes/Ice                    2
   c - Confuse                        Hexes                        3
   d - Tukima's Dance                 Hexes                        3
   e - Dazzling Spray                 Conjuration/Hexes            3
 t - a book of Cantrips

   Spells                             Type                      Level
   a - Confusing Touch                Hexes                        1
   b - Animate Skeleton               Necromancy                   1
   c - Summon Small Mammal            Summoning                    1
   d - Apportation                    Translocation                1
Comestibles
 b - 25 chunks of flesh
 f - 3 bread rations
 h - 2 meat rations
 r - a royal jelly
 F - a beef jerky


   Skills:
 + Level 6.6 Fighting
 + Level 8.9 Long Blades
 + Level 6.7 Armour
 + Level 2.8 Dodging
 + Level 0.8 Stealth
 + Level 8.7 Shields


You had 9 spell levels left.
You didn't know any spells.

Dungeon Overview and Level Annotations

Branches:
Dungeon (9/15)             Temple (1/1) D:4             Orc (0/2) D:9
   Lair: D:8-11

Altars:
Ashenzari
Cheibriados
Dithmenos
Elyvilon
Fedhas
Gozag
Hepliaklqana
Kikubaaqudgha
Makhleb
Nemelex Xobeh
Okawaru
Qazlal
Ru
Sif Muna
Trog
Uskayaw
Vehumet
Xom
Yredelemnul
Zin
The Shining One
Beogh

Shops:
D:5 [=((%

Annotations:
D:3 KrombopulosMichael's ghost, amateur GrVM
D:4 Crazy Yiuf


Innate Abilities, Weirdness & Mutations

You are resistant to torment.
Your stone body is resilient. (AC +7)
You are immune to poison.
You resist negative energy. (rN+)
You are resistant to electric shocks. (rElec)
You can survive without breathing.
You are immune to petrification.
You are immune to rotting.
Your large and strong wings let you fly indefinitely.
Your muscles are strong. (Str +2)


Message History

You block the wight's attack. x2
The quasit bites you but does no damage.
You block the quasit's attack.
The quasit claws you but does no damage.
The hill giant hits you with a giant spiked club!
The wight hits you but does no damage.
An orc wizard comes into view. It is wielding a dagger.
The orc wizard shouts!
You slash the hill giant!
The hill giant is severely wounded.
You block the quasit's attack. The quasit claws you.
You feel clumsy.
The quasit claws you but does no damage.
The wight hits you with an enchanted battleaxe.
* * * LOW HITPOINT WARNING * * *
You block the wight's attack.
The hill giant hits you with a giant spiked club!
* * * LOW HITPOINT WARNING * * *
The wight hits you with an enchanted short sword.
You die...

........#...#####.
........#.........
.....o..#.........
........#.........
#..##<.....##
#o...........
#.a...)......
#5Cz.........
########z@z######...
#......#............
#.....).[.........
#.....)...........
#.................
###..#...####....###
#....#...........#
#....#...........#
#....#...........#


You could see a hill giant, a worker ant, 3 wights, 2 orc wizards and a quasit.

Vanquished Creatures
  Pikel (D:4)
  The ghost of HyperSnackFlakAttack the Cudgeler, an amateur DgWr (D:4)
  Grinder (D:3)
  A two-headed ogre (D:7)
  A wyvern (D:9)
  The ghost of Harvester the Sneak, an amateur OpTm (Sewer)
  2 orc warriors (D:9)
  A black bear (D:6)
  5 ogres
  A centaur (D:7)
  3 bullfrogs
  3 water moccasin zombies (Ossuary)
  4 scorpions
  A howler monkey (D:6)
  4 crimson imps
  5 hounds
  4 jellies
  Terence (D:3)
  An iguana (D:6)
  7 orc wizards
  5 worker ants
  2 big kobold zombies (Ossuary)
  A hound zombie (D:7)
  2 hound skeletons
  A worker ant zombie (D:7)
  2 mummies (Ossuary)
  Robin (D:3)
  13 gnolls
  A howler monkey skeleton (D:5)
  3 river rats (Sewer)
  24 adders
  2 shadow imps
  5 oozes
  3 adder zombies
  5 worms
  2 dart slugs
  9 leopard geckos
  30 orcs
  15 ball pythons
  8 bats
  3 giant cockroaches
  5 gnoll zombies (Ossuary)
  8 goblins
  11 hobgoblins
  8 jackals
  3 quokkas
  6 frilled lizards
  10 hobgoblin zombies (Ossuary)
  A jackal skeleton (D:4)
  A jackal zombie (D:5)
  6 kobolds
  3 kobold zombies (Ossuary)
  A leopard gecko skeleton (D:4)
  5 orc zombies (Ossuary)
  36 rats
  2 fungi (D:4)
291 creatures vanquished.

Vanquished Creatures (others)
  A slave (D:4)
  An ogre (D:4)
  2 jackals (D:4)
4 creatures vanquished.

Grand Total: 295 creatures vanquished

Notes
Turn   | Place    | Note
-------+----------+-------------------------------------------
     0 | D:1      | JeffiDaFish the Gargoyle Fighter began the quest for the Orb.
     0 | D:1      | Reached XP level 1. HP: 14/14 MP: 1/1
   136 | D:1      | Gained mutation: Your large and strong wings let you fly indefinitely. [potion of beneficial mutation]
   137 | D:1      | Gained mutation: Your muscles are strong. (Str +2) [potion of beneficial mutation]
   201 | D:1      | Reached XP level 2. HP: 17/19 MP: 2/2
   611 | D:1      | Reached XP level 3. HP: 22/23 MP: 3/3
   990 | D:2      | Reached XP level 4. HP: 14/28 MP: 4/4
  1661 | D:3      | Noticed KrombopulosMichael's ghost (amateur GrVM)
  2244 | D:3      | Noticed Terence
  2264 | D:3      | Killed Terence
  2264 | D:3      | Reached XP level 5. HP: 33/33 MP: 5/5
  2277 | D:3      | Noticed Grinder
  2281 | D:3      | Paralysed by Grinder for 5 turns
  2297 | D:3      | Killed Grinder
  2297 | D:3      | Reached skill level 1 in Dodging
  2297 | D:3      | Reached XP level 6. HP: 29/38 MP: 6/6
  2418 | D:3      | Noticed Robin
  2434 | D:3      | Killed Robin
  2936 | D:3      | Reached XP level 7. HP: 44/44 MP: 7/7
  3053 | D:4      | Reached skill level 5 in Shields
  3072 | D:4      | Noticed HyperSnackFlakAttack's ghost (amateur DgWr)
  3087 | D:4      | Killed HyperSnackFlakAttack's ghost
  3087 | D:4      | Reached skill level 5 in Long Blades
  3400 | D:4      | Found a staircase to the Ecumenical Temple.
  3410 | Temple   | Entered the Ecumenical Temple
  3518 | Temple   | Became a worshipper of Makhleb the Destroyer
  3560 | D:4      | Noticed Pikel
  3587 | D:4      | Killed Pikel
  3587 | D:4      | Reached skill level 5 in Fighting
  3587 | D:4      | Reached skill level 5 in Armour
  3587 | D:4      | Reached XP level 8. HP: 23/49 MP: 8/8
  4227 | D:4      | Found a runed door.
  4231 | D:4      | Noticed Crazy Yiuf
  4260 | D:5      | Entered Level 5 of the Dungeon
  4367 | D:5      | Found Uxais's Food Shop.
  4368 | D:5      | Found Roleog's Weapon Boutique.
  4489 | D:5      | Found Figas's Weapon Boutique.
  4544 | D:5      | Found Doicuapt's Jewellery Shoppe.
  4586 | D:5      | Found Noapn's Antique Armour Shop.
  5015 | D:5      | Found a shimmering altar of Xom.
  5127 | D:6      | Reached XP level 9. HP: 37/54 MP: 9/9
  5182 | D:6      | Reached * piety under Makhleb
  5386 | D:6      | Identified a +0 pair of boots of running (You found it on level 6 of the Dungeon)
  5639 | D:6      | Found a glowing drain.
  5643 | Sewer    | Entered a sewer
  5729 | Sewer    | Reached ** piety under Makhleb
  5759 | Sewer    | Noticed Harvester's ghost (amateur OpTm)
  5768 | Sewer    | Killed Harvester's ghost
  6624 | D:7      | Reached *** piety under Makhleb
  6882 | D:7      | Noticed a two-headed ogre
  6890 | D:7      | Killed a two-headed ogre
  6942 | D:7      | Found a sand-covered staircase.
  6966 | Ossuary  | Entered an ossuary
  7099 | Ossuary  | Reached **** piety under Makhleb
  7115 | Ossuary  | Reached XP level 10. HP: 61/61 MP: 10/10
  7265 | D:7      | Found a bloodstained altar of Trog.
  7372 | D:7      | Found an ancient bone altar of Kikubaaqudgha.
  8374 | D:9      | Found a roughly hewn altar of Beogh.
  8374 | D:9      | Found a staircase to the Orcish Mines.
  8656 | D:9      | Noticed a hill giant
  8679 | D:9      | HP: 1/61 [hill giant/giant spiked club (14)]
  8679 | D:9      | Slain by a wight

Skill      XL: |  1  2  3  4  5  6  7  8  9 |
---------------+----------------------------+-----
Long Blades    | 2 3 4 6 8 |  8.9
Shields        | 4 5 6 8 |  8.7
Armour         | 4 5 6 |  6.7
Fighting       | 4 5 6 |  6.6
Dodging        | 1 2 |  2.8
Stealth        | |  0.8

Action                   |  1- 3 |  4- 6 |  7- 9 | 10-12 || total
-------------------------+-------+-------+-------+-------++-------
Melee: Long sword        |   107 |   263 |   854 |   166 ||  1390
  Use: Potion            |     5 |     4 |     9 |     3 ||    21
       Scroll            |     2 |     6 |     4 |     4 ||    16
 Stab: Invisible         |     1 |       |     1 |       ||     2
       Sleeping          |       |     1 |       |       ||     1
  Eat: Chunk             |     1 |     7 |    14 |     4 ||    26
       Pizza             |       |       |     1 |       ||     1
Armor: Scale mail        |    78 |    41 |       |       ||   119
       Chain mail        |       |   166 |   586 |   135 ||   887
Dodge: Dodged            |    61 |    92 |   267 |    69 ||   489
Block: Shield            |    71 |   167 |   536 |   167 ||   941
       Rpst.: Long sword |    14 |    22 |    86 |    20 ||   142
